[Event "*** Titled Tuesday Blitz"]
[Site "Chess.com"]
[Date "2020.05.19"]
[Round "4"]
[White "Paralinch"]
[Black "Azatic"]
[Result "1/2-1/2"]
[WhiteElo "2864"]
[BlackElo "2611"]
[TimeControl "180+1"]
[EndTime "12:41:19 PDT"]
[Termination "Game drawn by repetition"]

1. e4 c5 2. Nf3 e6 3. d4 cxd4 4. Nxd4 a6 5. Bd3 Nf6 6. Qe2 d6 7.
O-O Be7 8. c4 O-O 9. Nc3 Nc6 10.
Be3 Bd7 11. f3 Rc8 12. Nxc6 Bxc6 13. Rfd1 Qc7 14. Rac1 Qb8 15. b4 b6 16. a3 Ba8 17. Kh1 Nd7 18. Na4 Bc6 19. b5 axb5 20. cxb5 Ba8 21. Kg1 Rfd8 22. Bd4 Nc5 23. Nxc5 dxc5 24.
Be3 Bd6 25. g3 h5 26. f4 c4 27. Rxc4 Rxc4 28. Bxc4 Bxe4 29. a4 Ba8 30. h3 Qb7 31. Kh2 Be7 32. Rxd8+ Bxd8 33. Qf1 Bc7 34. h4 Qe4 35.
Bd2 Bd8 36. Bd3 Qd5 37. Be3 Bc7 38. Be2 g6 39. Bd3 Qa2+ 40. Qe2 Qxa4 41. Qc2 Qa1 42.
Be4 Bxe4 43. Qxe4 Qb2+ 44. Kg1 Qxb5 45. Qa8+ Kh7 46. Qb7 Qb1+ 47. Kf2 Qc2+ 48. Kf3 Kg8 49. Qa8+ Kh7 50. Qb7 Qd1+ 51. Kf2 Qc2+ 52. Kf3 1/2-1/2

[Event "*** Titled Tuesday Blitz"]
[Site "Chess.com"]
[Date "2020.05.19"]
[Round "4"]
[White "HaryKane"]
[Black "Char_dasha"]
[Result "1/2-1/2"]
[WhiteElo "2554"]
[BlackElo "2340"]
[TimeControl "180+1"]
[EndTime "12:41:19 PDT"]
[Termination "Game drawn by repetition"]

1. e4 d5 2. exd5 Qxd5 3. Nf3 Bg4 4. Be2 Nc6 5. O-O O-O-O 6. h3 Bh5 7. Nc3 Qd7 8. b4 e5 9. b5 Bxf3 10. Bxf3 Nd4 11. Re1 Bd6 12. a4 f5 13. d3 Nf6 14. a5 Bb4 15. Bd2 e4 16. Be2 Nxe2+ 17. Nxe2 Bxd2 18. Qxd2 Qxb5 19. a6 b6 20. Nc3 Qc6 21.
d4 f4 22. d5 Qc5 23. Nxe4 Nxe4 24. Rxe4 f3 25. c4 fxg2 26. Rae1 Rhf8 27. Kxg2 g5 28.
Qe3 Qd6 29. Qg3 Rf4 30. Qxg5 Rff8 31. Kf1 Rg8 32. Qf5+ Kb8 33. Rf4 Qc5 34. Qe5 Qa3 35. Qe3 Qb2 36. c5 Qb5+ 37. Qe2 Qxc5 38. Rf5 Qd6 39. Qf3 Qh2 40. d6 Rg1+ 41. Ke2 Re8+ 42. Kd2 Qxd6+ 43. Rd5 Qb4+ 44. Kc2 Qc4+ 45. Kb2 Qb4+ 46.
Kc2 Qa4+ 47. Kd2 Qa2+ 48. Kc3 Qa3+ 49. Kc2 Qa2+ 50. Kc3 Qa3+ 51. Kc2 Qa4+ 52. Kb2 Qb4+ 53. Kc2 1/2-1/2

[Event "*** Titled Tuesday Blitz"]
[Site "Chess.com"]
[Date "2020.05.19"]
[Round "4"]
[White "SCIM"]
[Black "joksijoksi"]
[Result "0-1"]
[WhiteElo "2516"]
[BlackElo "2323"]
[TimeControl "180+1"]
[EndTime "12:41:19 PDT"]
[Termination "joksijoksi won by resignation"]

1. d4 e6 2. c4 d5 3. Nf3 c6 4. e3 f5 5. Bd3 Nf6 6. O-O Bd6 7. b3 Qe7 8. Nc3 O-O 9. Bb2 Ne4 10. Ne2 Nd7 11. Ne5 Nxe5 12. dxe5 Bc7 13. cxd5 cxd5 14. Rc1 Bb6 15. Bd4 Bd7 16. a4 Rac8 17. f3 Ng5 18.
Qd2 Nf7 19. a5 Bxd4 20. Nxd4 Nxe5 21. Be2 Nf7 22. Rxc8 Rxc8 23. Rc1 Rxc1+ 24. Qxc1 Qd6 25. g3 e5 26. Nb5 Bxb5 27. Bxb5 d4 28. Qc8+ Nd8 29.
Qxf5 dxe3 30. Bc4+ Kh8 31. Bd3 g6 32. Qe4 Qd4 33. Kg2 Nc6 34. a6 bxa6 35. Qxc6 Qxd3 36.
Qc5 Qe2+ 37. Kh3 Qxf3 38. Qxe5+ Kg8 39. Qe8+ Kg7 40. Qe7+ Kh6 41. Qh4+ Qh5 42. Qxh5+ Kxh5 43. Kg2 Kg5 44. Kf3 Kf5 45. h3 a5 46. Kxe3 Ke5 47.
Kd3 Kd5 48. g4 g5 49. Ke3 Kc5 50. Kd3 Kb4 51. Kc2 a6 52. Kb2 a4 53. bxa4 Kxa4 54.
Kc3 Kb5 55. Kb3 Kc5 56. Kc3 Kd5 57. Kd3 a5 58. h4 gxh4 0-1

[Event "*** Titled Tuesday Blitz"]
[Site "Chess.com"]
[Date "2020.05.19"]
[Round "4"]
[White "yobdc"]
[Black "GMJustin"]
[Result "1-0"]
[WhiteElo "1983"]
[BlackElo "2344"]
[TimeControl "180+1"]
[EndTime "12:41:19 PDT"]
[Termination "yobdc won on time"]

1. e4 c5 2. Nf3 Nc6 3. Bb5 g6 4. O-O Bg7 5. Re1 Nf6 6. c3 O-O 7. d3 d5 8. Nbd2 Bd7 9. exd5 Nxd5 10. Ne4 b6 11. a4 Nc7 12. Bc4 Bg4 13. h3 Bxf3 14.
Qxf3 Ne5 15. Qe2 Nxc4 16. dxc4 Ne6 17. Be3 Qc7 18. Red1 f5 19. Ng5 Nxg5 20. Bxg5 Bf6 21. Bh6 Rfd8 22. Qe6+ Kh8 23. Rd5 Rxd5 24. cxd5 Rd8 25.
Re1 Qd7 26. c4 Qxe6 27. Rxe6 Kg8 28. b3 Kf7 29. Rc6 Be5 30. Bg5 Rd7 31. Rc8 e6 32. dxe6+ Kxe6 33. Re8+ Kd6 34. Kf1 Bd4 35. Ke2 Kc6 36.
Bf4 a6 37. Rc8+ Kb7 38. Rb8+ Kc6 39. Ra8 Kb7 40. Re8 Kc6 41. f3 Kb7 42. g4 fxg4 43. hxg4 Bf6 44. Rf8 Bd4 45. g5 Re7+ 46. Kd3 Kc6 47.
Rc8+ Kb7 48. Rb8+ Kc6 49. Rf8 Kd7 50. Bd2 Kc6 51. f4 Rd7 52. Ke2 Re7+ 53. Kf3 Kd7 54. Rb8 Kc7 55. Rf8 Kd7 56. Ra8 1-0

[Event "*** Titled Tuesday Blitz"]
[Site "Chess.com"]
[Date "2020.05.19"]
[Round "4"]
[White "SamuelGhimpu2003"]
[Black "gena217"]
[Result "0-1"]
[WhiteElo "2597"]
[BlackElo "2861"]
[TimeControl "180+1"]
[EndTime "12:41:20 PDT"]
[Termination "gena217 won on time"]

1. Nf3 d5 2. d4 Nf6 3. c4 e6 4. Nc3 dxc4 5. e3 a6 6. Bxc4 b5 7.
Bd3 Bb7 8. O-O Nbd7 9. Qe2 c5 10. b3 Bd6 11. Bb2 O-O 12. Rad1 Qc7 13. h3 Rac8 14.
Bb1 Rfd8 15. Ng5 cxd4 16. exd4 Bh2+ 17. Kh1 Bf4 18. Nge4 b4 19. Na4 Nxe4 20. Bxe4 Bxe4 21. Qxe4 Nf6 22. Qf3 Nd5 23. a3 bxa3 24. Bxa3 Qc2 25. Nc5 Rb8 26. g3 Bh6 27. Bc1 Bxc1 28. Rxc1 Qb2 29.
Rcd1 a5 30. h4 Nf6 31. Qf4 h6 32. Rd2 Qc3 33. Rd3 Qb4 34. Ra1 Rbc8 35. Rdd1 Rd5 36.
Qd2 Qxd2 37. Rxd2 Rcxc5 38. dxc5 Rxd2 39. Rxa5 Rxf2 40. Ra8+ Kh7 41. b4 Rb2 42. Rb8 Nd5 43. b5 e5 44. b6 e4 45. b7 e3 46. c6 e2 47. Re8 Rb1+ 0-1

[Event "*** Titled Tuesday Blitz"]
[Site "Chess.com"]
[Date "2020.05.19"]
[Round "4"]
[White "Escanor89"]
[Black "jeetjain"]
[Result "1-0"]
[WhiteElo "2573"]
[BlackElo "2352"]
[TimeControl "180+1"]
[EndTime "12:41:20 PDT"]
[Termination "Escanor89 won by resignation"]

1. c4 e6 2. Nc3 d5 3. d4 Be7 4. cxd5 exd5 5. Bf4 Nf6 6. Qc2 g6 7. e3 Bf5 8. Qb3 Nc6 9. a3 Na5 10. Qa4+ c6 11. Nf3 O-O 12. Be2 b5 13. Qd1 Nc4 14. b3 Nxa3 15. O-O Nc2 16. Rc1 Nb4 17. Ne5 Rc8 18.
f3 Bd6 19. Qd2 Re8 20. g4 Be6 21. Ra1 a5 22. Bg3 Qc7 23. Rfc1 Qb8 24. Rxa5 Nd7 25.
Nxd7 Bxd7 26. Bxd6 Qxd6 27. Nd1 Ra8 28. Rca1 Rxa5 29.
Rxa5 Rb8 30. Ra7 Be6 31. Kg2 c5 32. dxc5 Qxc5 33. Ra1 Rc8 34. Kf2 Qd6 35. f4 Rc2 36. Ra8+ Kg7 37. Qd4+ f6 38. g5 Bg4 39. Nc3 Nc6 40. Qd3 Rb2 41. Nxb5 Bxe2 42. Qc3 Bxb5+ 43.
Qxb2 Kf7 44. gxf6 Qxf6 45. Rf8+ Kxf8 46. Qxf6+ Kg8 47. Qe6+ Kg7 48. Qxd5 Na7 49. Qd4+ Kh6 50. Qxa7 1-0

[Event "*** Titled Tuesday Blitz"]
[Site "Chess.com"]
[Date "2020.05.19"]
[Round "4"]
[White "miruna_daria28"]
[Black "aa175"]
[Result "1-0"]
[WhiteElo "2269"]
[BlackElo "2426"]
[TimeControl "180+1"]
[EndTime "12:41:20 PDT"]
[Termination "miruna_daria28 won on time"]

1. e4 c5 2. Nf3 d6 3. d4 cxd4 4. Nxd4 Nf6 5. Nc3 a6 6. Be3 e6 7. g4 h6 8. Rg1 Nbd7 9. Qe2 b5 10. a3 Bb7 11. f3 d5 12. exd5 Nxd5 13. Nxd5 Bxd5 14. O-O-O b4 15. axb4 Bxb4 16. Nb3 Rc8 17. Kb1 Bc4 18. Qf2 Bxb3 19. cxb3 Qa5 20. Bc4 Ne5 21. Bb6 Nxc4 22. Bxa5 Bc5 23. Qe2 Bxg1 24. bxc4 Bc5 25. Qe5 O-O 26. Bc3 f6 27. Qxe6+ Kh8 28. g5 hxg5 29. Qh3+ Kg8 30. Qe6+ Kh7 31. f4 gxf4 32.
Rd3 Be3 33. Qh3+ Kg8 34. Qe6+ Kh7 35. Rd7 Rce8 36. Qh3+ Kg8 37. Qg4 Rf7 38. Rxf7 Kxf7 39. Qd7+ Re7 40. Qd5+ Kg6 41. Qg2+ Kf7 42. b4 Rd7 43. c5 Rd1+ 44. Kc2 Rc1+ 45. Kb3 Rb1+ 46. Kc4 g5 47. c6 Bb6 48. Qd5+ Kg6 49. Qd7 Rc1 50. c7 Bxc7 51. Qxc7 f3 52. Qg3 Rf1 53. h4 Kh6 54. hxg5+ fxg5 55. Bd2 1-0

[Event "*** Titled Tuesday Blitz"]
[Site "Chess.com"]
[Date "2020.05.19"]
[Round "4"]
[White "Zq1"]
[Black "Rsnr"]
[Result "0-1"]
[WhiteElo "2522"]
[BlackElo "2840"]
[TimeControl "180+1"]
[EndTime "12:41:21 PDT"]
[Termination "Rsnr won on time"]

1. d4 Nf6 2. c4 e6 3. Nc3 Bb4 4. e3 O-O 5. Bd3 d5 6. cxd5 exd5 7. Ne2 c6 8. O-O Re8 9. a3 Bd6 10. h3 Nbd7 11. b4 a5 12. Rb1 axb4 13. axb4 Ne4 14. Qc2 Ndf6 15. f3 Nxc3 16. Nxc3 Bc7 17. Bd2 Qd6 18. f4 Bd7 19. Rbc1 Bd8 20. Na4 b6 21. Nc3 b5 22. Ra1 Bb6 23. Rxa8 Rxa8 24. Qb2 g6 25.
Be2 Bf5 26. Bf3 Ne4 27. Nxe4 Bxe4 28. Bxe4 dxe4 29. Qb3 Qd5 30. Qxd5 cxd5 31. Rc1 Ra2 32. Be1 Re2 33. Kf1 Rxe3 34. Bf2 Rd3 35. Rc8+ Kg7 36. Rd8 Rb3 37. Rd6 Bc7 38. Rxd5 Rxb4 39. f5 Rb1+ 40. Ke2 b4 41. Bh4 gxf5 42. Rxf5 b3 43. Rg5+ Kf8 44. Rb5 Bd6 45. Bf6 Ke8 46. Rb6 Kd7 47. Rb5 Ke6 48. Be5 Bxe5 49. Rxe5+ Kf6 50. Rb5 b2 51. d5 Rg1 52.
Rb6+ Ke5 0-1

[Event "*** Titled Tuesday Blitz"]
[Site "Chess.com"]
[Date "2020.05.19"]
[Round "4"]
[White "Joshukid"]
[Black "MFBerna"]
[Result "1-0"]
[WhiteElo "2552"]
[BlackElo "2322"]
[TimeControl "180+1"]
[EndTime "12:41:21 PDT"]
[Termination "Joshukid won by checkmate"]

1. Nf3 g6 2. d4 Bg7 3. c4 Nf6 4. Nc3 O-O 5. g3 d6 6. Bg2 Nbd7 7. O-O e5 8. Rb1 Re8 9. b4 a6 10. Qb3 exd4 11. Nxd4 Ne5 12. h3 Rb8 13. Rd1 Qe7 14.
Bg5 c6 15. b5 axb5 16. cxb5 Bd7 17. f4 h6 18. fxe5 hxg5 19. exf6 Qe3+ 20. Kh2 Bxf6 21. Rd3 Qe5 22. Ne4 Be7 23. bxc6 bxc6 24. Qxb8 Rxb8 25. Rxb8+ Kg7 26. Rb7 Be8 27. Nf3 Qxe4 28. Rd2 Qe3 29. a4 c5 30. a5 Bc6 31. Rbb2 Bf6 32. Ra2 c4 33. a6 c3 34. Rdc2 g4 35. hxg4 Be4 36. a7 Qh6+ 37. Nh4 Bxh4 38. Bxe4 Bf6+ 39. Kg2 Qe3 40. a8=Q Bd4 41. Kh3 Qh6+ 42. Kg2 Qe3 43. Ra1 Qg5 44. Bf3 Be5 45. Rh1 Qe3 46. Qh8# 1-0

[Event "*** Titled Tuesday Blitz"]
[Site "Chess.com"]
[Date "2020.05.19"]
[Round "4"]
[White "Kislov_Oleg"]
[Black "Leonid_Starozhilov"]
[Result "1-0"]
[WhiteElo "2363"]
[BlackElo "2632"]
[TimeControl "180+1"]
[EndTime "12:41:21 PDT"]
[Termination "Kislov_Oleg won by resignation"]

1. e4 g6 2. d4 Bg7 3. Nc3 c6 4.
f4 d5 5. e5 h5 6. Nf3 Bg4 7. h3 Bxf3 8. Qxf3 e6 9. Bd3 h4 10.
Be3 Ne7 11. Ne2 Nf5 12. Bf2 Nd7 13. O-O Qe7 14. c3 Bh6 15. Kh2 Kf8 16. Qg4 Bg7 17.
Ng1 Kg8 18. Qe2 c5 19. Nf3 Bh6 20. Qd2 Bf8 21. Bxf5 gxf5 22. Qe1 Bh6 23. Bxh4 Bxf4+ 24. g3 Rxh4 25. Nxh4 Bh6 26. g4 f4 27. Nf3 cxd4 28.
cxd4 Nf8 29. g5 Bg7 30. Qd2 Qd7 31. Qxf4 Qb5 32. Rf2 Qd3 33. Nh4 Ng6 34. Qxf7+ Kh7 35. Qxg6+ Qxg6 36. Nxg6 Kxg6 37. Rg1 Rc8 38. h4 Rc4 39.
Rd2 Rxd4 40. Rxd4 Bxe5+ 41. Kh3 Bxd4 42. Re1 e5 43. Kg4 Bxb2 44. h5+ Kf7 45. Kf5 Bd4 46.
h6 Kg8 47. g6 Kh8 48. Kf6 e4+ 49. Kf7 Bc3 50. g7+ 1-0

[Event "*** Titled Tuesday Blitz"]
[Site "Chess.com"]
[Date "2020.05.19"]
[Round "4"]
[White "Gentle_Emperor"]
[Black "Misha_Bilous"]
[Result "0-1"]
[WhiteElo "2292"]
[BlackElo "2465"]
[TimeControl "180+1"]
[EndTime "12:41:21 PDT"]
[Termination "Misha_Bilous won by checkmate"]

1. d4 Nf6 2. Bf4 g6 3. Nc3 d5 4. e3 Bg7 5. h4 O-O 6. h5 c5 7. hxg6 hxg6 8. Nf3 Nc6 9. Ne5 Qb6 10. Nxc6 bxc6 11. Rb1 Bf5 12. f3 cxd4 13. exd4 Nh5 14. Be3 e5 15. Ne2 exd4 16. Bxd4 Bxd4 17. Qxd4 Rfe8 18.
Qxb6 axb6 19. Kf2 Nf6 20. Nd4 Bd7 21. a3 c5 22. Nb5 Re7 23. g4 d4 24. Bc4 Be6 25.
Bxe6 fxe6 26. Rbe1 Nd5 27. Rh6 Kg7 28. Reh1 Nf4 29. Rh7+ Kf6 30. g5+ Kxg5 31. Rxe7 Kf6 32. Reh7 Rf8 33. Kg3 Nd5 34. Nd6 Ke5 35. Ne4 Ne3 36.
Rb7 Nxc2 37. Rxb6 d3 38. Nxc5 Nd4 39. Nxd3+ Kd5 40. Nf4+ Kc5 41. Rb4 g5 42. Nd3+ Kd5 43.
Rf1 Nc2 44. Rb5+ Kd6 45. Rxg5 Ne3 46. Re1 Nf5+ 47. Kg4 Nh6+ 48. Kh5 Nf5 49. Kg6 Rg8+ 50. Kf6 Rf8+ 51. Kg6 Rg8+ 52. Kh5 Rh8+ 53. Kg4 Rh4# 0-1

[Event "*** Titled Tuesday Blitz"]
[Site "Chess.com"]
[Date "2020.05.19"]
[Round "4"]
[White "nitpicker"]
[Black "zubridis"]
[Result "1-0"]
[WhiteElo "2315"]
[BlackElo "2448"]
[TimeControl "180+1"]
[EndTime "12:41:21 PDT"]
[Termination "nitpicker won on time"]

1. d4 Nf6 2. c4 e6 3. g3 d5 4. Nf3 Bb4+ 5. Bd2 Bd6 6. Qc2 c6 7.
Bg2 O-O 8. O-O Ne4 9. Bf4 Bxf4 10. gxf4 Nd7 11. e3 f5 12. Kh1 Rf6 13. Nbd2 Rh6 14.
Nxe4 fxe4 15. Ng5 Nf6 16. f3 exf3 17. Bxf3 Bd7 18. Rg1 Qe7 19. Rg2 Be8 20. Rag1 Bg6 21. Qe2 Bf5 22. b3 Rf8 23. e4 dxe4 24. Nxe4 Bxe4 25.
Bxe4 Rf7 26. Bf3 Rh4 27. Qe5 Nd7 28. Qc7 Rhxf4 29. Rxg7+ Rxg7 30. Qxf4 Rxg1+ 31. Kxg1 e5 32. Qg4+ Qg7 33. d5 cxd5 34. Bxd5+ Kf8 35. Qxg7+ Kxg7 36. Bxb7 a5 37. Kf2 Nc5 38. Bd5 Kf6 39. Ke3 Ke7 40.
Be4 Kd6 41. Bc2 h6 42. a3 Ne6 43. b4 Nd4 44. Ba4 axb4 45. axb4 Nf5+ 46. Ke4 Nd4 47. c5+ Ke6 48. Bd1 Nc6 49. b5 Nd4 50. Ba4 1-0

[Event "*** Titled Tuesday Blitz"]
[Site "Chess.com"]
[Date "2020.05.19"]
[Round "4"]
[White "Bossche-CM"]
[Black "Konek-Gorbunok"]
[Result "1-0"]
[WhiteElo "2459"]
[BlackElo "2282"]
[TimeControl "180+1"]
[EndTime "12:41:21 PDT"]
[Termination "Bossche-CM won by resignation"]

1. e4 c5 2. b3 d6 3. Bb2 e5 4. Bc4 Be7 5. d3 Nf6 6. Ne2 O-O 7. O-O Nc6 8. Nbc3 Be6 9. f4 Bxc4 10. bxc4 Nd4 11.
Rb1 b6 12. Ng3 exf4 13. Rxf4 Nd7 14. Nd5 Bg5 15. Rf1 Nf6 16. Bxd4 cxd4 17. Rf5 Nxd5 18. exd5 g6 19. Rf1 Be3+ 20. Kh1 f5 21. Qf3 Qh4 22. Rfe1 Rae8 23. Re2 Re5 24. Rbe1 Rfe8 25. Nf1 f4 26. g3 Qh6 27. gxf4 Bxf4 28. Rxe5 Bxe5 29. Ng3 Rf8 30.
Qg2 Qh4 31. Rf1 Bxg3 32. Rxf8+ Kxf8 33. Qxg3 Qf6 34. Kg2 Ke7 35. Qh3 Qe5 36. Qxh7+ Kf6 37. Qh8+ Kf5 38. Qxe5+ Kxe5 39. Kf3 Kf5 40. h4 a6 41. a3 b5 42. cxb5 axb5 43. Kg3 g5 44. h5 Ke5 45. Kg4 Kf6 46. h6 Kg6 47. h7 Kxh7 48.
Kxg5 Kg7 49. Kf5 Kf7 50. Ke4 1-0

[Event "*** Titled Tuesday Blitz"]
[Site "Chess.com"]
[Date "2020.05.19"]
[Round "4"]
[White "mbojan"]
[Black "Zkid"]
[Result "1-0"]
[WhiteElo "2629"]
[BlackElo "2800"]
[TimeControl "180+1"]
[EndTime "12:41:22 PDT"]
[Termination "mbojan won by resignation"]

1. e4 e6 2. d4 d5 3. Nc3 Bb4 4. e5 c5 5. Bd2 Ne7 6. a3 Bxc3 7. Bxc3 b6 8. Bb5+ Bd7 9. Bd3 cxd4 10. Bxd4 Nbc6 11. c3 Ng6 12. Nf3 Nf4 13. Qd2 Nxg2+ 14. Kf1 Nh4 15. Nxh4 Qxh4 16. Qe3 O-O 17. Rg1 Nxd4 18.
Qxd4 Qxd4 19. cxd4 f6 20. Ke2 fxe5 21. dxe5 Rf4 22. Rac1 Raf8 23. Rc7 Rxf2+ 24. Ke1 R2f7 25. Rxa7 Be8 26. Rxf7 Rxf7 27. Rg4 Rf3 28. Ke2 Rh3 29. Rb4 Rxh2+ 30. Ke3 Rh3+ 31. Kd2 Rh5 32. Rxb6 Rxe5 33. b4 h5 34. Rb8 Kf7 35. b5 Bxb5 36. Bxb5 h4 37.
Rh8 g5 38. a4 d4 39. Kd3 Rd5 40.
Bc4 Ra5 41. Bb5 e5 42. Ke4 Kg7 43. Rh5 Kg6 44. Be8+ Kf6 45. Rh6+ Ke7 46. Bb5 Kf7 47. Kf5 d3 48. Bxd3 e4+ 49. Kxe4 Rxa4+ 50. Kf5 Ra5+ 51.
Kg4 Ra3 52. Be4 Rg3+ 53. Kf5 h3 54. Rh7+ Ke8 55. Ke6 Kd8 56. Kd6 Ke8 57. Bd5 Kf8 58.
Rf7+ Ke8 59. Rg7 1-0

[Event "*** Titled Tuesday Blitz"]
[Site "Chess.com"]
[Date "2020.05.19"]
[Round "4"]
[White "ameetghasi100"]
[Black "lolo9292"]
[Result "0-1"]
[WhiteElo "2706"]
[BlackElo "2520"]
[TimeControl "180+1"]
[EndTime "12:41:22 PDT"]
[Termination "lolo9292 won on time"]

1. b3 e5 2. Bb2 Nc6 3. e3 d5 4. a3 Bd6 5. d3 f5 6. c4 dxc4 7. bxc4 Nf6 8. Qb3 Be6 9. Nf3 O-O 10. Ng5 Qd7 11. Nd2 Kh8 12. Nxe6 Qxe6 13. c5 Qxb3 14. Nxb3 Be7 15. Be2 Rfd8 16. O-O a5 17. a4 Nd5 18. Rfd1 Ndb4 19. Bc3 Nd5 20. Bb2 Bf6 21. Rd2 Ndb4 22. Rad1 Rd7 23. g3 Rad8 24. Kg2 h6 25. h4 b6 26. h5 Bg5 27. f4 Bf6 28.
fxe5 Nxe5 29. d4 Nf7 30. Bc4 Ng5 31. Rf2 Re7 32. Bc1 Ne4 33. Rxf5 bxc5 34. Nxc5 Nd6 35. Rxf6 gxf6 36. Be6 Ne4 37. Nxe4 Rxe6 38. Nc5 Rc6 39.
Rf1 Kg7 40. Bb2 Nd5 41. Bc1 Rb8 42. e4 Nc3 43. Bf4 Rb2+ 44. Kh3 Ne2 45. Bxc7 Nxd4 46. Nd3 Rb3 47. Nf4 Rxc7 48. Rd1 Rc4 49. Rxd4 Rxd4 50. Ne6+ Kf7 51. Nxd4 Rb4 52. Nf5 Rxa4 53. Nxh6+ Kf8 54. Nf5 Ra1 55. h6 Rh1+ 56. Kg2 Rh5 57. g4 Rxf5 58.
exf5 a4 59. g5 a3 60. h7 Kg7 61. gxf6+ Kxh7 62. f7 Kg7 0-1

[Event "*** Titled Tuesday Blitz"]
[Site "Chess.com"]
[Date "2020.05.19"]
[Round "4"]
[White "Evgeny81"]
[Black "Danfii"]
[Result "1-0"]
[WhiteElo "2708"]
[BlackElo "2349"]
[TimeControl "180+1"]
[EndTime "12:41:22 PDT"]
[Termination "Evgeny81 won by resignation"]

1. e4 e5 2. Nf3 Nc6 3. Bb5 Nf6 4. O-O Nxe4 5. d4 Nd6 6. Bxc6 dxc6 7. dxe5 Nf5 8.
Qxd8+ Kxd8 9. Nc3 Be7 10. h3 Nh4 11. Nd4 Nf5 12. Nde2 h5 13. Ne4 b6 14. Bg5 c5 15.
Nf4 Bb7 16. Rfe1 Bxe4 17. Bxe7+ Kxe7 18. Rxe4 Rad8 19. e6 Rd4 20. Rae1 Rxe4 21. Rxe4 Rd8 22. exf7+ Kxf7 23. Nd3 Rd4 24. Re2 Rd6 25. Ne5+ Kf6 26. c3 Re6 27. f4 Rd6 28. g4 hxg4 29. hxg4 Ne7 30. Kf2 Nd5 31. Kf3 Re6 32. Nd7+ Ke7 33. Rxe6+ Kxe6 34. Ne5 g5 35. Nd3 Kf6 36. Ke4 Ne7 37.
Nf2 c6 38. fxg5+ Kxg5 39. Ke5 Kh4 40. Kd6 Ng6 41. Kxc6 Kg3 42. Ne4+ Kxg4 43. Kb7 Kf3 44. Nd6 Ke3 45. Kxa7 Kd2 46. Kxb6 Kc2 47. Nc4 Nf4 48. Kxc5 Nd3+ 49. Kb5 Kb1 50. a4 Ka2 51. a5 1-0

[Event "*** Titled Tuesday Blitz"]
[Site "Chess.com"]
[Date "2020.05.19"]
[Round "4"]
[White "babyking1205"]
[Black "Lion-Al-Messi"]
[Result "0-1"]
[WhiteElo "2549"]
[BlackElo "2328"]
[TimeControl "180+1"]
[EndTime "12:41:23 PDT"]
[Termination "Lion-Al-Messi won on time"]

1. e4 e6 2. d4 d5 3. Nd2 c5 4.
exd5 Qxd5 5. Ngf3 cxd4 6. Bc4 Qd6 7. O-O Nf6 8. Nb3 Nc6 9. Nbxd4 Nxd4 10. Nxd4 Be7 11. c3 O-O 12. Qe2 a6 13. Bg5 b5 14.
Bb3 Bb7 15. Rae1 h6 16. Bh4 Nd5 17. Bxd5 Qxd5 18. Nf3 Bd6 19. Bg3 Rad8 20. Rd1 Qc6 21.
Rxd6 Rxd6 22. Bxd6 Qxd6 23. Rd1 Qc6 24. Qe5 Rc8 25.
h3 a5 26. Rd6 Qc4 27. Rd4 Qc7 28. Qxc7 Rxc7 29. Rd8+ Kh7 30. Nd4 b4 31. cxb4 axb4 32. Rb8 Bd5 33. Rxb4 Bxa2 34. Rb8 Bd5 35. b4 Rc1+ 36. Kh2 Rd1 37. Ne2 Rd2 38. Nf4 Rxf2 39. Kg3 Rb2 40. h4 Be4 41. b5 g5 42. hxg5 hxg5 43. Nh5 Kg6 44. Rh8 Rxg2+ 45. Kh3 g4+ 46.
Kh4 Rh2+ 47. Kxg4 Bf5+ 48. Kf4 Rh4+ 49. Ke5 f6+ 50. Kd6 Rxh5 0-1

[Event "*** Titled Tuesday Blitz"]
[Site "Chess.com"]
[Date "2020.05.19"]
[Round "4"]
[White "Zufi1811"]
[Black "wanyaland"]
[Result "1-0"]
[WhiteElo "2563"]
[BlackElo "2327"]
[TimeControl "180+1"]
[EndTime "12:41:23 PDT"]
[Termination "Zufi1811 won by resignation"]

1. d4 d5 2. Nf3 Nf6 3. Bf4 e6 4.
e3 Bd6 5. Bg3 b6 6. Nbd2 c5 7.
c3 Ke7 8. Ne5 Qc7 9. Bd3 Ba6 10.
Qe2 Bxd3 11. Qxd3 Nc6 12. f4 Nd7 13. O-O f6 14. Nxc6+ Qxc6 15. e4 cxd4 16. cxd4 Rac8 17. Rae1 Qc2 18. Qe3 Bb4 19. exd5 Qxd2 20. Qxe6+ Kd8 21. f5 Rc2 22. Bf2 Qd3 23. Re4 Qc4 24. b3 Qb5 25. d6 Qc6 26. Bg3 Kc8 27. h4 h5 28. d5 Qc5+ 29. Kh2 Rc3 30. Rff4 Rxg3 31. Rc4 Rg4 32. Rxc5+ Bxc5 33. Rxg4 hxg4 34. Kg3 a5 35. Kxg4 Kd8 36. Qe7+ Kc8 37. Qxg7 Rd8 38. h5 Bxd6 39.
h6 Ne5+ 40. Kh5 Rd7 41. h7 Rxg7 42. h8=Q+ Kc7 43. Qxg7+ Kb8 44. Qxf6 Kc7 45. Qg7+ Nd7 46. f6 b5 47. f7 a4 48. g4 axb3 49. axb3 Be5 50. Qxe5+ Nxe5 51. f8=Q 1-0

[Event "*** Titled Tuesday Blitz"]
[Site "Chess.com"]
[Date "2020.05.19"]
[Round "4"]
[White "51616516516"]
[Black "Konovalova_Vera"]
[Result "0-1"]
[WhiteElo "2325"]
[BlackElo "2157"]
[TimeControl "180+1"]
[EndTime "12:41:24 PDT"]
[Termination "Konovalova_Vera won on time"]

1. c4 c6 2. d4 d5 3. Nf3 Nf6 4. Nc3 g6 5. cxd5 cxd5 6. Bf4 Bg7 7. e3 O-O 8. Bd3 Nc6 9. O-O Bg4 10. a3 Rc8 11. h3 Bf5 12. Bxf5 gxf5 13. Qd3 Ne4 14. Rfc1 Na5 15. Na4 Qd7 16. Qd1 Qb5 17. b4 Nc4 18. Nc3 Nxc3 19. Rxc3 Qd7 20. Rac1 h6 21. Qd3 b5 22. Qe2 Qe6 23. Ne1 Bxd4 24. Rb3 Bg7 25. Nd3 d4 26. Nc5 Qd5 27. exd4 Qxd4 28. Be3 Qd5 29.
Rd1 Qc6 30. Bd4 e5 31. Ba1 Rcd8 32. Rg3 Rxd1+ 33. Qxd1 Kh7 34. Qh5 Nd6 35. Kh2 Qd5 36. Nd3 Qe6 37. Rxg7+ Kxg7 38. Bxe5+ Kh7 39. Bc3 Rg8 40.
Nf4 Qe4 41. Qh4 Rg6 42. Nxg6 Kxg6 43. Qd8 Qf4+ 44. Kh1 Ne4 45. g3 Qf3+ 0-1

[Event "*** Titled Tuesday Blitz"]
[Site "Chess.com"]
[Date "2020.05.19"]
[Round "4"]
[White "Gordima"]
[Black "Maksimus1998"]
[Result "1-0"]
[WhiteElo "2771"]
[BlackElo "2449"]
[TimeControl "180+1"]
[EndTime "12:41:26 PDT"]
[Termination "Gordima won on time"]

1. d4 Nf6 2. c4 e6 3. Nc3 Bb4 4.
Qc2 d5 5. cxd5 exd5 6. Bg5 h6 7.
Bh4 Nc6 8. e3 g5 9. Bg3 h5 10.
Bb5 h4 11. Be5 Rh6 12. Ne2 Bd7 13. Bxc6 bxc6 14. h3 Ne4 15. a3 Bxc3+ 16. bxc3 Bf5 17. Qa4 Qd7 18. f3 Nd6 19. O-O Bd3 20. Qd1 Ba6 21. Re1 Nc4 22. Qc1 Kf8 23. Bh2 Re8 24. e4 Rg6 25. e5 Kg8 26. Qc2 Ne3 27. Qd2 Nc4 28.
Qa2 f6 29. Nc1 fxe5 30. dxe5 Qf5 31. Nb3 Nxe5 32. Nd4 Qf6 33. Re3 Bc4 34. Qd2 Rg7 35. Rae1 Rge7 36. a4 Ng6 37. Rxe7 Rxe7 38. Rxe7 Qxe7 39.
Nxc6 Qc5+ 40. Nd4 Qe7 41. Kh1 c5 42. Nf5 Qf6 43. Nd6 Nf4 44. Nxc4 dxc4 45. Bxf4 gxf4 46.
Qd5+ Kg7 47. Qxc4 Qe5 48. Kh2 Kf6 49. Qd3 Kg5 50. Qh7 1-0

[Event "*** Titled Tuesday Blitz"]
[Site "Chess.com"]
[Date "2020.05.19"]
[Round "4"]
[White "Arjun2002"]
[Black "AnishGiri"]
[Result "1-0"]
[WhiteElo "2675"]
[BlackElo "2989"]
[TimeControl "180+1"]
[EndTime "12:41:26 PDT"]
[Termination "Arjun2002 won on time"]

1. e4 c5 2. Nf3 e6 3. d4 cxd4 4.
Nxd4 a6 5. c4 Nf6 6. Nc3 Qc7 7.
Be2 d6 8. O-O Be7 9. Be3 O-O 10. f3 b6 11. Rc1 Bb7 12. Qe1 Nbd7 13. Qf2 Rac8 14. Rfd1 Rfe8 15. g4 Ne5 16. g5 Nfd7 17.
f4 Nxc4 18. Nb1 d5 19. b3 Nxe3 20. Rxc7 Nxd1 21. Rxc8 Rxc8 22. Bxd1 Rc1 23. Qd2 Rxb1 24. Ne2 Nc5 25. exd5 Ne4 26. Qc2 Bc5+ 27. Kf1 Bxd5 28.
Ng3 Nc3 29. Qxc3 Rxd1+ 30. Ke2 Rd4 31. f5 a5 32. fxe6 Bxe6 33. Qc2 Bg4+ 34. Kf1 g6 35.
Ne2 Rd5 36. Qc4 Rf5+ 37. Kg2 Bf3+ 38. Kg3 Bd5 39. Qd3 Rxg5+ 40. Kh4 Rh5+ 41. Kg3 Bd6+ 42. Kf2 Rxh2+ 43. Kg1 Rh1+ 44. Kf2 Bc5+ 45. Kg3 Rh5 46. Nf4 Bd6 47. Kg4 f5+ 48. Kg3 Rg5+ 49. Kf2 Bc5+ 50. Ke2 1-0

[Event "*** Titled Tuesday Blitz"]
[Site "Chess.com"]
[Date "2020.05.19"]
[Round "4"]
[White "adricalderon8"]
[Black "Baby_Shak"]
[Result "0-1"]
[WhiteElo "2428"]
[BlackElo "2598"]
[TimeControl "180+1"]
[EndTime "12:41:26 PDT"]
[Termination "Baby_Shak won by resignation"]

1. e4 d5 2. exd5 Nf6 3. Nc3 Nxd5 4. Bc4 Nb6 5. Be2 Nc6 6. Nf3 Bf5 7. O-O e6 8. d4 Be7 9. Bf4 O-O 10. Re1 Bf6 11. Be3 Nb4 12. Rc1 N4d5 13. Nxd5 exd5 14. b3 Re8 15. c4 c6 16. c5 Nd7 17. b4 Nf8 18. b5 Ne6 19. bxc6 bxc6 20. Qa4 Qc7 21. Nd2 Nf4 22. Bf1 Nd3 23. Bxd3 Bxd3 24. Nb3 h6 25.
Qa5 Qd7 26. Qd2 Bb5 27. Bf4 Re4 28. Rxe4 dxe4 29. Bd6 Qg4 30. h3 Qe6 31. Re1 Re8 32.
Qe3 Bc4 33. Nd2 Bd5 34. a4 Bg5 35. Bf4 Bd8 36. Nf1 Ba5 37. Rb1 Qd7 38. Qg3 Re6 39.
Ne3 Rg6 40. Qh4 Be6 41. Be5 f5 42. g3 Kh7 43. Ng2 Bd8 44. Qf4 Bg5 45. h4 Bxf4 46.
Nxf4 Rg4 47. Nh5 e3 48. fxe3 Qf7 49. Nf4 Rxg3+ 50. Kf2 Rg4 51. Rb8 Bd5 52. h5 Rxf4+ 53. exf4 Qxh5 54. Rb7 Bf7 55. Rc7 Qh2+ 56. Ke1 Qh1+ 57. Kd2 Kg6 58. Rxc6+ Qxc6 0-1